 Dungeon Crawl Stone Soup version 0.31-a0-507-gbafd7f5274 (webtiles) character file.

Game seed: 17349334652116634441

70 oldmanjim the Shooter (level 4, -1/37 HPs)
             Began as a Formicid Hunter on Aug 9, 2023.
             Slain by a goblin
             ... wielding a +0 club
             ... led by Robin
              (6 damage)
             ... on level 3 of the Dungeon.
             The game lasted 00:03:07 (2090 turns).

oldmanjim the Shooter (Formicid Hunter)             Turns: 2090, Time: 00:03:08

Health: -1/37      AC:  4    Str: 15    XL:     4   Next: 45%
Magic:  4/4        EV: 12    Int:  9    God:
Gold:   95         SH:  0    Dex: 19    Spells: 3/3 levels left

rFire   . . .        a - +0 shortbow
rCold   . . .        (no shield)
rNeg    . . .        c - +0 leather armour
rPois   .            (helmet unavailable)
rElec   .            (no cloak)
rCorr   .            o - +0 pair of gloves
SInv    +            (no boots)
Will    .....        (no amulet)
Stlth   ++           (no ring)
HPRegen 0.26/turn    (no ring)
MPRegen 0.09/turn

%: no passive effects
@: no status effects
A: permanent stasis, dig shafts and tunnels, antennae 3, four strong arms
a: Dig, Shaft Self


You were on level 3 of the Dungeon.
You visited 1 branch of the dungeon, and saw 3 of its levels.

You collected 95 gold pieces.

Inventory:

Hand Weapons
 a - a +0 shortbow (weapon)
Missiles
 d - 18 stones
 s - 2 poisoned darts
Armour
 c - a +0 leather armour (worn)
 o - a +0 pair of gloves (worn)
Jewellery
 r - an amulet of guardian spirit
Scrolls
 b - a scroll of butterflies
 e - a scroll of noise {unknown}
 f - a scroll of immolation {unknown}
 h - 2 scrolls of blinking {unknown}
 j - 4 scrolls of teleportation {unknown}
 k - a scroll of identify {unknown}
 m - 3 scrolls of enchant armour {unknown}
 p - a scroll of fog {unknown}
 q - a scroll of silence {unknown}
Potions
 g - a potion of berserk rage {unknown}
 i - a potion of heal wounds {unknown}
 l - a potion of brilliance {unknown}
 n - a potion of might {unknown}


   Skills:
 + Level 3.7 Fighting
 + Level 4.9 Ranged Weapons
 - Level 1.7 Dodging
 - Level 1.2 Stealth


You had 3 spell levels left.
You didn't know any spells.
Your spell library contained the following spells:

 Spells                   Type           Power      Damage    Failure   Level
 Magic Dart               Conj           0%         1d3       45%         1
 Searing Ray              Conj           0%         2d4       58%         2
 Wereblood                Tmut           0%         N/A       58%         2
 Fulminant Prism          Conj/Hex       0%         3d5       99%         4
 Passage of Golubria      Tloc           0%         N/A       99%         4
 Irradiate                Conj/Tmut      0%         3d11      100%        5
 Silence                  Hex/Air        0%         N/A       100%        5
 Lehudib's Crystal Spear  Conj/Erth      0%         10d2      100%        8


Dungeon Overview and Level Annotations

Branches:
Dungeon (3/15)

Altars:

Annotations:
D:1 2 runed translucent doors, exclusion: 2 doors
D:3 Robin


Innate Abilities, Weirdness & Mutations

You cannot be hasted, slowed, berserked, paralysed or teleported.
You can dig through walls and to a lower floor.
You have a pair of large antennae on your head. (SInv)
Your four strong arms can wield two-handed weapons with a shield.


Message History

The goblin shoots a sling bullet.
The sling bullet hits you. Robin throws the goblin at you!
You shoot an arrow. The arrow hits the goblin!
You kill the goblin!
The goblin no longer looks unusually strong. x2
The goblin attacks as you move away! The goblin barely misses you.
You see here a +0 spear.
The goblin attacks as you move away! The goblin hits you but does no damage.
Robin roars a battlecry!
The goblins go into a battle-frenzy!
The goblin no longer looks unusually strong.
Robin throws the goblin at you!
You shoot an arrow. The arrow closely misses the goblin.
The goblin hits you but does no damage. The goblin misses you.
You shoot an arrow. The arrow hits the goblin.
You kill the goblin!
The goblin hits you with a +0 dagger.
Robin roars a battlecry!
The goblin goes into a battle-frenzy!
The goblin hits you but does no damage. Robin throws the goblin at you!
* * * LOW HITPOINT WARNING * * *
You shoot an arrow. The arrow hits the goblin.
You kill the goblin!
The goblin hits you but does no damage. Robin throws the goblin at you!
The goblin unwields a +0 sling.
The goblin wields a +0 dagger.
The goblin misses you.
You shoot an arrow. The arrow hits the goblin!
You kill the goblin!
The goblin hits you with a +0 dagger.
* * * LOW HITPOINT WARNING * * *
The hobgoblin no longer looks unusually strong.
Robin roars a battlecry!
The hobgoblin goes into a battle-frenzy!
Items here: ))))) †.
Robin throws the goblin at you! The goblin hits you with a +0 club.
* * * LOW HITPOINT WARNING * * *
You start putting on your amulet.
You continue putting on your amulet of guardian spirit.
The goblin hits you with a +0 club.
You stop putting on your amulet.
You die...

#.## #.......# ##.##.. #.#
###.....# #####...... #.# ##...##
#.......†.. #+## ##.##
#g###.##.## ...## #.# #g###g##.#
....## ### #.# #.##{{.#.# .....##
##.###.# #........#,
......####...##.########g...###){
..<...'.........@gggg.g.......'.{
......####...##.########....###..
.<...## ##.###.# ##.#.# #. ....##
####..# ###.# # ...## #.## #.#
#'## #.# .# #.# ##.# #.# ##..#
#.## ##...#


You could see 2 hobgoblins and 3 goblins.

Vanquished Creatures
  An adder (D:2)
  3 dart slugs
  4 ball pythons
  2 bats
  5 endoplasms
  A giant cockroach (D:1)
  10 goblins
  2 hobgoblins
  9 jackals
  3 quokkas
  3 frilled lizards
  2 kobolds (D:1)
  3 rats (D:1)
48 creatures vanquished.

Notes
Turn   | Place    | Note
-------+----------+-------------------------------------------
     0 | D:1      | oldmanjim the Formicid Hunter began the quest for the Orb.
     0 | D:1      | Reached XP level 1. HP: 16/16 MP: 1/1
    38 | D:1      | Found a large runed translucent door.
    38 | D:1      | Found a large runed translucent door.
    77 | D:1      | Reached XP level 2. HP: 22/23 MP: 2/2
   420 | D:1      | Reached XP level 3. HP: 29/29 MP: 3/3
  1560 | D:3      | Reached XP level 4. HP: 35/35 MP: 4/4
  2058 | D:3      | Noticed Robin
  2090 | D:3      | Slain by a goblin

Illustrated notes

Levels and vault maps discovered:
D:1:      erik_arrival_cave_to_civilisation [erik_arrival_cave_to_temple],
          layout_loops_corners, nicolae_eternal_life
D:2:      layout_rooms
D:3:      wander_river, layout_loops_corners, uniq_robin

Skill      XL: |  1  2 |
---------------+-------+-----
Fighting       | 3 |  3.7
Ranged Weapons | |  4.9
Dodging        | |  1.7
Stealth        | |  1.2

Action                     |  1- 3 |  4- 6 || total
---------------------------+-------+-------++-------
   Fire: Shortbow          |    75 |    49 ||   124
 Armour: Leather armour    |     5 |    21 ||    26
  Dodge: Dodged            |    28 |    36 ||    64

Table legend: (Time is in decaauts)
 A = Elapsed time spent in this place.
 B = Non-inter-level travel time spent in this place.
 C = Inter-level travel time spent in this place.
 D = Time resting spent in this place.
 E = Time spent auto-exploring this place.
 F = Levels seen in this place.
 G = Mean time per level.
                   A        B        C        D        E       F      G
               +--------+--------+--------+--------+--------+-----+--------+
         Total |   2135 |   2023 |    112 |      0 |   1744 |   3 |  711.7 |
       Dungeon |   2135 |   2023 |    112 |      0 |   1744 |   3 |  711.7 |
               +--------+--------+--------+--------+--------+-----+--------+

Top non-repeatable levels by time:
     D:1: 1090 daAuts
     D:3: 565 daAuts
     D:2: 479 daAuts
